AoeStats
← El sin team Hoffmann

Black Forest

509503190Analyzed
2v2 RM · 6d ago on Sep 27, 2026· 26m 23s· 4 players
Game mode
Random Map
Map size
Medium (4 player)
Population
200
Speed
Normal
Resources
Standard
Victory
Conquest
Starting age
Dark Age
Ending age
Imperial Age
RankedLock teamsTeams togetherTeam positionsShared explorationLock speedFull tech treeHidden civsTurbo modeCheats
Victory
Defeat
🇨🇱 Bulgarians · Chile
1225
+15
🇨🇱 Teutons · Chile
1207
+15
🇦🇷 Cumans · Argentina
1208
-15
🇦🇷 Celts · Argentina
1183
-15
oneastheothers
2:29 Loom
11:05 Feudal Age
12:27 Double-Bit Axe
16:10 Wheelbarrow
15:51 Man-at-Arms
21:18 Gold Mining
27:17 Castle Age
RuloEstuvoAcá
0:31 Loom
11:01 Feudal Age
11:45 Double-Bit Axe
22:11 Wheelbarrow
23:47 Horse Collar
28:36 Castle Age
El sin team Hoffmann
0:56 Loom
11:53 Feudal Age
13:40 Double-Bit Axe
16:59 Castle Age
14:45 Horse Collar
16:32 Stone Mining
25:12 Town Watch
Sir Labrop
4:28 Loom
11:06 Feudal Age
11:37 Double-Bit Axe
15:34 Horse Collar
21:23 Castle Age
21:04 Fletching
21:36 Scale Mail Armor
21:48 Forging
22:27 Gold Mining
23:35 Bodkin Arrow
24:09 Arson
25:35 Wheelbarrow
25:38 Stone Mining
Connection lost

Rejoining the realm…

Still unreachable

The connection could not be restored.

Session expired

The server has moved on; the page needs a fresh start.